 Dungeon Crawl Stone Soup version 0.23.1-37-gaa34b87b72 (webtiles) character file.

Game seed: 6523744377005807357

126 GGGomer the Stinger (level 5, -1/35 HPs)
             Began as a Merfolk Venom Mage on Mar 21, 2019.
             Slain by a crimson imp (4 damage)
             ... on level 3 of the Dungeon.
             The game lasted 00:18:31 (4446 turns).

GGGomer the Stinger (Merfolk Venom Mage)            Turns: 4446, Time: 00:18:31

Health: -1/35      AC:  2    Str:  9    XL:     5   Next: 10%
Magic:  7/9        EV: 13    Int: 15    God:
Gold:   111        SH:  0    Dex: 14    Spells: 4/10 levels left

rFire    . . .     SeeInvis +   f - +0 spear
rCold    . . .     Gourm    .   (no shield)
rNeg     . . .     Faith    .   j - +0 robe
rPois    .         Spirit   .   (no helmet)
rElec    .         Reflect  .   (no cloak)
rCorr    .         Harm     .   (no gloves)
MR       .....                  (no boots)
Stlth    ++........             k - amulet of inaccuracy (curse)
HPRegen  0.11/turn              h - ring of see invisible
MPRegen  0.11/turn              (no ring)

@: no status effects
A: change form in water, swift swim, stealthy swim
a: no special abilities


You were on level 3 of the Dungeon.
You were not hungry.

You visited 1 branch of the dungeon, and saw 3 of its levels.

You collected 111 gold pieces.

Inventory:

Hand Weapons
 f - a +0 spear (weapon)
Armour
 a - a +0 robe
 j - a +0 robe (worn)
Jewellery
 h - a ring of see invisible (left hand)
 k - a cursed amulet of inaccuracy (around neck)
 l - an uncursed ring of magical power {unknown}
Wands
 r - a wand of flame (18)
Scrolls
 b - 3 scrolls of remove curse {unknown}
 d - 9 scrolls of identify {unknown}
 e - 2 scrolls of immolation {unknown}
 i - 3 scrolls of teleportation {unknown}
 n - 2 scrolls of magic mapping {unknown}
 o - a scroll of fog {unknown}
 p - a scroll of amnesia {unknown}
 s - a scroll of enchant weapon {unknown}
Potions
 c - a potion of magic {unknown}
 g - 4 potions of curing {unknown}
 m - 2 potions of agility {unknown}
 q - a potion of flight {unknown}
 t - a potion of might {unknown}


   Skills:
 + Level 0.2 Fighting
 + Level 0.8 Polearms
 + Level 3.4 Dodging
 + Level 2.4 Stealth
 + Level 3.0 Spellcasting
 + Level 0.9 Conjurations
 + Level 1.1 Air Magic
 + Level 4.4 Poison Magic


You had 4 spell levels left.
You knew the following spells:

 Your Spells              Type           Power        Failure   Level  Hunger
a - Sting                 Conj/Pois      ##..         7%          1    #......
b - Poisonous Vapours     Pois/Air       ##....       10%         2    ##.....
c - Mephitic Cloud        Conj/Pois/Air  #.......     24%         3    ###....

Your spell library contained the following spells:

 Spells                   Type           Power        Failure   Level  Hunger
 Olgreb's Toxic Radiance  Pois           ###.....     32%         4    #####..
 Venom Bolt               Conj/Pois      ##........   88%         5    ######.


Dungeon Overview and Level Annotations

Branches:
Dungeon (3/15)

Altars:
The Shining One


Message History

The crimson imp spits at you. The crimson imp hits you.
* * * LOW HITPOINT WARNING * * *
You miss the crimson imp.
The crimson imp is lightly wounded.
The crimson imp misses you.
You closely miss the crimson imp.
The crimson imp is lightly wounded.
The crimson imp hits you but does no damage.
You hit the crimson imp.
The crimson imp is heavily wounded.
The crimson imp barely misses you.
You barely miss the crimson imp.
The crimson imp is moderately wounded.
The crimson imp hits you.
* * * LOW HITPOINT WARNING * * *
You hit the crimson imp.
The crimson imp is heavily wounded.
The crimson imp hits you.
You die...

##### ##...##
#.....###### ###
###@5........# #..
#..........#.# #.#
#.##.........# #.#
####.###.##...#.####.##
#........###.##........
#..#.##### #.#######†##
#..#.#######.# #.##
#..#.........## #.##
#..#.######...## #...


You could see a crimson imp.

Vanquished Creatures
  2 adders
  A gnoll (D:1)
  An ooze (D:3)
  2 worms
  3 dart slugs
  A leopard gecko (D:1)
  4 orcs (D:3)
  9 bats
  3 giant cockroaches
  12 goblins
  7 hobgoblins
  10 jackals
  6 kobolds
  2 frilled lizards
  9 rats
72 creatures vanquished.

Notes
Turn   | Place    | Note
-------+----------+-------------------------------------------
     0 | D:1      | GGGomer the Merfolk Venom Mage began the quest for the Orb.
     0 | D:1      | Reached XP level 1. HP: 13/13 MP: 3/3
   323 | D:1      | You fall through a shaft!
   343 | D:2      | Reached XP level 2. HP: 18/19 MP: 0/5
   713 | D:2      | Learned a level 2 spell: Poisonous Vapours
   835 | D:2      | Reached skill level 4 in Poison Magic
   961 | D:1      | Reached XP level 3. HP: 24/24 MP: 0/6
  1466 | D:1      | Learned a level 3 spell: Mephitic Cloud
  1654 | D:1      | Reached XP level 4. HP: 4/30 MP: 0/7
  3063 | D:3      | Reached skill level 1 in Air Magic
  3409 | D:3      | Found a glowing golden altar of the Shining One.
  4036 | D:3      | Reached XP level 5. HP: 35/35 MP: 4/9
  4446 | D:3      | Slain by a crimson imp

Skill      XL: |  1  2  3  4  5 |
---------------+----------------+-----
Dodging        | 3 |  3.4
Poison Magic   | 4 |  4.4
Air Magic      | 1 |  1.1
Spellcasting   | 3 |  3.0
Fighting       | |  0.2
Polearms       | |  0.8
Stealth        | |  2.4
Conjurations   | |  0.9

Action                   |  1- 3 |  4- 6 || total
-------------------------+-------+-------++-------
Melee: Unarmed           |     5 |       ||     5
       Spear             |    33 |   120 ||   153
 Cast: Sting             |    40 |    56 ||    96
       Poisonous Vapours |    19 |    22 ||    41
       Mephitic Cloud    |     1 |     2 ||     3
  Eat: Chunk             |     1 |     5 ||     6
       Ration            |     1 |     3 ||     4
Armor: Robe              |    18 |    28 ||    46
Dodge: Dodged            |    70 |   107 ||   177
